 Dungeon Crawl Stone Soup version 0.31-a0-75-g6fe912e8c5 (webtiles) character file.

Game seed: 14613465198350458111

1660970 ebarrett the Ogreish Ballista (level 26, 305/305 HPs)
             Began as an Ogre Reaver on May 23, 2023.
             Was the Champion of Wu Jian.
             Escaped with the Orb
             ... and 3 runes!
             The game lasted 05:34:20 (67337 turns).

ebarrett the Ogreish Ballista (Ogre Reaver)        Turns: 67337, Time: 05:34:20

Health: 305/305    AC: 31    Str: 31    XL:     26   Next: 79%
Magic:  26/26      EV: 13    Int: 16    God:    Wu Jian [******]
Gold:   1199       SH:  0    Dex:  7    Spells: 25/29 levels left

rFire   + + .        a - +9 giant spiked club (spect)
rCold   + + .        (shield currently unavailable)
rNeg    + . .        U - +8 shadow dragon scales
rPois   .            g - +3 crown of Dyrovepreva {rElec Int+2 SInv}
rElec   +            N - scarf {rC+ rF+}
rCorr   .            (gloves unavailable)
SInv    +            (boots unavailable)
Will    +++..        M - amulet of Vybyol {rF+ rN+ Regen+}
Stlth   +            r - +5 ring of evasion
HPRegen 1.50/turn    e - ring "Tavof" {Wiz rC+ Will+}
MPRegen 0.20/turn

%: wizardry (x1)
@: studying 3 skills
A: large, unfitting armour, tough skin 1, subdued magic 1
0: Orb of Zot
}: 3/15 runes: decaying, serpentine, silver
a: Renounce Religion, Wall Jump, Serpent's Lash, Heavenly Storm


You escaped.
You worshipped Wu Jian.
Wu Jian was exalted by your worship.
You visited 9 branches of the dungeon, and saw 47 of its levels.
You also visited: Ice Cave and Desolation.

You collected 6587 gold pieces.
You spent 5388 gold pieces at shops.

Inventory:

Hand Weapons
 a - a +9 spectral giant spiked club (weapon)
Missiles
 i - 5 silver javelins
 l - 89 large rocks (quivered)
 o - 11 javelins
 G - 6 throwing nets
 I - 11 curare-tipped darts
 W - 5 boomerangs
Armour
 d - a +1 cloak
 g - the +3 crown of Dyrovepreva (worn) {rElec Int+2 SInv}
   (You acquired it on level 3 of the Snake Pit)

   Int:       It affects your intelligence (+2).
   rElec:     It insulates you from electricity.
   SInv:      It lets you see invisible.
 N - a scarf of resistance (worn)
 U - +8 shadow dragon scales (worn)
Jewellery
 e - the ring "Tavof" (right hand) {Wiz rC+ Will+}
   (You took it off a deep elf demonologist on level 3 of the Elven Halls)

   [ring of wizardry]

   It improves your spell success rate.
   rC:        It protects you from cold.
   Will:      It increases your willpower.
 p - the ring "Cioh" {Fly rCorr Str+3}
   (You took it off an imperial myrmidon in the Desolation of Salt)

   [ring of resist corrosion]

   Str:       It affects your strength (+3).
   Fly:       It grants you flight.
   rCorr:     It protects you from acid and corrosion.
 r - a +5 ring of evasion (left hand)
 y - an amulet of the acrobat
 A - the brooch of Shielding {Spirit SH+8}
   (You took it off a naga ritualist on level 4 of the Snake Pit)

   [amulet of guardian spirit]

   It causes incoming damage to be divided between your reserves of health and
   magic.
   SH:        It affects your SH (+8).
 B - the ring of Scepticism {rF+ rN+ rCorr Int+2}
   (You took it off an imperial myrmidon in the Desolation of Salt)

   [ring of resist corrosion]

   Int:       It affects your intelligence (+2).
   rF:        It protects you from fire.
   rN:        It protects you from negative energy.
   rCorr:     It protects you from acid and corrosion.
 E - a ring of poison resistance
 H - a ring of fire
 M - the amulet of Vybyol (around neck) {rF+ rN+ Regen+}
   (You acquired it on level 10 of the Dungeon)

   [amulet of regeneration]

   rF:        It protects you from fire.
   rN:        It protects you from negative energy.
   Regen:     It increases your rate of health regeneration.
 Z - a +4 ring of protection
Wands
 j - a wand of light (29)
 n - a wand of polymorph (51)
 C - a wand of paralysis (70)
 O - a wand of mindburst (47)
 S - a wand of digging (5)
 X - a wand of roots (25)
Scrolls
 c - 2 scrolls of blinking
 h - 15 scrolls of teleportation
 k - 9 scrolls of poison
 s - a scroll of magic mapping
 L - 12 scrolls of fog
 Q - a scroll of butterflies
 V - 12 scrolls of fear
Potions
 f - 14 potions of curing
 m - a potion of invisibility
 q - 6 potions of attraction
 t - 4 potions of mutation
 u - 3 potions of might
 v - 3 potions of resistance
 w - 2 potions of cancellation
 z - 2 potions of enlightenment
 F - 7 potions of magic
 R - 11 potions of brilliance
 T - 3 potions of ambrosia
 Y - 12 potions of heal wounds
Miscellaneous
 x - a phial of floods
 D - a lightning rod (4/4)
 J - a phantom mirror
 K - a box of beasts


   Skills:
 + Level 25.3 Fighting
 - Level 0.4(15.7) Axes
 - Level 21.9(22.0) Maces & Flails
 O Level 27 Throwing
 - Level 16.2 Armour
 - Level 6.4 Dodging
 - Level 13.1 Shields
 - Level 2.4 Spellcasting
 - Level 2.6 Conjurations
 - Level 7.8 Evocations


You had 25 spell levels left.
You knew the following spells:

 Your Spells              Type           Power      Damage    Failure   Level
a - Apportation           Tloc           2%         N/A       21%         1
K - Kiss of Death         Conj/Necr      16%        2d6       13%         1
M - Momentum Strike       Conj/Tloc      8%         3d8       21%         2

Your spell library contained the following spells:

 Spells                   Type           Power      Damage    Failure   Level
 Magic Dart               Conj           32%        1d4       7%          1
 Searing Ray              Conj           16%        2d5       11%         2
 Foxfire                  Conj/Fire      16%        2x1d4     13%         1
 Beastly Appendage        Tmut           2%         N/A       21%         1
 Necrotise                Necr           4%         1d4       21%         1
 Slow                     Hex            4%         N/A       21%         1
 Summon Small Mammal      Summ           4%         N/A       21%         1
 Static Discharge         Conj/Air       8%         2-3/arc   21%         2
 Sting                    Tmut/Pois      0%         1d3       24%         1
 Call Imp                 Summ           2%         N/A       30%         2
 Lesser Beckoning         Tloc           2%         N/A       30%         2
 Scorch                   Fire           2%         2d5       30%         2
 Wereblood                Tmut           1%         N/A       30%         2
 Cigotuvi's Dreadful Rot  Necr/Pois/Air  0%         N/A       34%         2
 Poisonous Vapours        Pois/Air       0%         N/A       34%         2
 Dazzling Flash           Conj/Hex       8%         N/A       38%         3
 Hailstorm                Conj/Ice       4%         3d4       38%         3
 Mephitic Cloud           Conj/Pois/Air  2%         N/A       45%         3
 Call Canine Familiar     Summ           1%         N/A       52%         3
 Confusing Touch          Hex            1%         N/A       52%         3
 Gell's Gravitas          Tloc           1%         N/A       52%         3
 Ozocubu's Armour         Ice            1%         N/A       52%         3
 Teleport Other           Tloc           1%         N/A       52%         3
 Tukima's Dance           Hex            1%         N/A       52%         3
 Vampiric Draining        Necr           1%         2d6       52%         3
 Inner Flame              Hex/Fire       0%         N/A       56%         3
 Portal Projectile        Hex/Tloc       0%         N/A       56%         3
 Spider Form              Tmut/Pois      0%         N/A       56%         3
 Summon Guardian Golem    Hex/Summ       0%         N/A       56%         3
 Vhi's Electric Charge    Tloc/Air       0%         N/A       56%         3
 Volatile Blastmotes      Fire/Tloc      0%         2d10      56%         3
 Ignite Poison            Fire/Tmut/Pois 0%         N/A       58%         3
 Flame Wave               Conj/Fire      4%         2d5       77%         4
 Fulminant Prism          Conj/Hex       2%         3d5       77%         4
 Iskenderun's Mystic Bla  Conj/Tloc      4%         2d3       77%         4
 Airstrike                Air            0%         2d(1-17)  89%         4
 Animate Dead             Necr           1%         N/A       89%         4
 Cause Fear               Hex            0%         N/A       89%         4
 Olgreb's Toxic Radiance  Pois           1%         N/A       89%         4
 Anguish                  Hex/Necr       0%         N/A       91%         4
 Ice Form                 Ice/Tmut       0%         N/A       91%         4
 Leda's Liquefaction      Hex/Erth       0%         N/A       91%         4
 Summon Lightning Spire   Summ/Air       0%         N/A       91%         4
 Arcjolt                  Conj/Air       2%         1d12      98%         5
 Fireball                 Conj/Fire      2%         3d4       98%         5
 Agony                    Necr           1%         N/A       99%         5
 Alistair's Intoxication  Tmut/Pois      0%         N/A       99%         5
 Borgnjor's Vile Clutch   Necr/Erth      0%         N/A       99%         5
 Freezing Cloud           Conj/Ice/Air   1%         6-21      99%         5
 Metabolic Englaciation   Hex/Ice        0%         N/A       99%         5
 Silence                  Hex/Air        0%         N/A       99%         5
 Summon Forest            Summ/Tloc      0%         N/A       99%         5
 Summon Mana Viper        Hex/Summ       0%         N/A       99%         5
 Yara's Violent Unravell  Hex/Tmut       0%         3d3       99%         5
 Conjure Ball Lightning   Conj/Air       2%         3x3d6     100%        6
 Death Channel            Necr           0%         N/A       100%        6
 Dispersal                Tloc           0%         N/A       100%        6
 Eringya's Noxious Bog    Tmut/Pois      0%         N/A       100%        6
 Iron Shot                Conj/Erth      2%         9d2       100%        6
 Plasma Beam              Fire/Air       0%         2x1d11    100%        6
 Simulacrum               Ice/Necr       0%         N/A       100%        6
 Starburst                Conj/Fire      2%         6d3       100%        6
 Summon Cactus Giant      Summ           0%         N/A       100%        6
 Dragon Form              Tmut           0%         N/A       100%        7
 Enfeeble                 Hex            0%         N/A       100%        7
 Ozocubu's Refrigeration  Ice            0%         4d7       100%        7
 Summon Hydra             Summ           0%         N/A       100%        7
 Discord                  Hex            0%         N/A       100%        8
 Disjunction              Tloc           0%         N/A       100%        8
 Maxwell's Capacitive Co  Air            0%         ∞         100%        8
 Dragon's Call            Summ           0%         N/A       100%        9


Dungeon Overview and Level Annotations

Branches:
Dungeon (15/15)            Temple (0/1) D:4            Lair (5/5) D:11
  Swamp (4/4) Lair:3        Snake (4/4) Lair:3        Slime (0/5) Lair:5
    Orc (2/2) D:9             Elf (3/3) Orc:2        Vaults (5/5) D:14
  Crypt (0/3) Vaults:2     Depths (4/4) D:15            Zot (5/5) Depths:4
  IceCv (visited)         Desolation (visited)

Altars:
Ashenzari
Gozag
Kikubaaqudgha
Makhleb
Qazlal
Ru
Sif Muna
Trog
Uskayaw
Wu Jian
Yredelemnul
Zin
Jiyva

Shops:
D:10 ?:   D:11 (   Orc:2 ((:?   Elf:1 =   Elf:2 [   Snake:2 **   Snake:3 :?[(
Snake:4 *   Vaults:5 !??   Depths:1 ==:   Depths:3 (

Portals:
Hell: Depths:1 Depths:2 Depths:3 Depths:4
Abyss: Depths:3
Pandemonium: Depths:2
Ziggurat: Depths:1

Annotations:
D:3 exclusion: 2 downstairs
D:13 1 runed translucent door
Lair:5 exclusions: killer bee, 3 oklob plants and 3 more exclusions
Swamp:2 exclusion: spriggan air mage
Snake:2 exclusion: shock serpent
Snake:3 2 transporters, bmack86's ghost, adept MiFi
Elf:2 3 runed translucent doors
Vaults:1 Zenata
Depths:1 1 runed translucent door, exclusions: door, hell hog and 9 more exclusions


Innate Abilities, Weirdness & Mutations

You are too large for most types of armour.
You have tough skin. (AC +1)
Your spells are a little easier to cast, but a little less powerful.


Message History

Things that are here:
a +0 chain mail; a +0 dagger
There is a stone staircase leading up here.
You climb upwards.
There is a stone staircase leading down here.
You see here a stone.
There is a stone staircase leading up here.
You climb upwards.
The ball python hisses angrily.
A jackal comes into view.
There is a stone staircase leading down here.
The jackal barks!
The ball python closely misses you.
The ball python attacks as you move away!
The ball python bites you but does no damage.
The jackal bites you but does no damage.
The jackal closely misses you.
You spin and attack the jackal.
You impale the jackal!!
You kill the jackal!
The Council accepts your kill.
(D) Dungeon (T) Temple (L) Lair (S) Swamp (P) Snake Pit (M) Slime Pits (O) Orcish Mines (E) Elven Halls (V) Vaults (C) Crypt (U) Depths (H) Hell (Z) Zot
Where to? (Enter - D:1, ? - help)
Okay, then.
You barely miss the ball python.
Your +9 spectral giant spiked club hits the ball python!!!
You kill the ball python!
The Council accepts your kill.
(D) Dungeon (T) Temple (L) Lair (S) Swamp (P) Snake Pit (M) Slime Pits (O) Orcish Mines (E) Elven Halls (V) Vaults (C) Crypt (U) Depths (H) Hell (Z) Zot
Where to? (Enter - D:1, ? - help) You're already here!
Your +9 spectral giant spiked club disappears.
You see here 7 stones.
There is a staircase leading out of the dungeon here.
You have escaped!

.###.........####.#
....######.#.....[#
...........##########
.....(.######.......##
.....#.# ##.........##
.....#.####.....8.....###
###
#.##.#.#.....8..8..8....#
##..
#.##.#...##...........#.#
#...
#....###.###....@....##.#
#... #....# #.#
##.......###.### #...
#....#
#.#############....####...
#..>.#
#...............##..).....
#....#
#######################...
#....# #....... #....#
#.....>. ###### #.......
#.......


There were no monsters in sight!

Vanquished Creatures
  3 dread liches
  4 orbs of fire (Zot:5)
  2 ancient liches
  A juggernaut (Depths:3)
  Vv (Depths:3)
  Sojobo (Vaults:4)
  2 Killer Klowns (Zot:5)
  The ghost of Ziugimmo the Tortoise, a veteran AtMo of Elyvilon (Vaults:3)
  2 caustic shrikes (Depths:3)
  Nikola (Vaults:1)
  6 golden dragons
  A Tzitzimitl (D:9)
  An electric golem (Zot:5)
  27 Orb Guardians
  9 tentacled monstrosities
  A titan (Vaults:5)
  3 liches (Depths:3)
  A walking divine tome (Depths:3)
  A walking frostbound tome (Depths:2)
  2 deep elf blademasters (Elf:3)
  4 quicksilver dragons
  4 death cobs
  2 deep elf master archers (Elf:3)
  Frances (D:13)
  Gastronok (Lair:2)
  2 Executioners
  5 sphinxes
  4 thorn hunters
  Kirke (Swamp:1)
  7 shadow dragons
  A fenstrider witch (shapeshifter) (Vaults:5)
  9 tengu reavers
  7 storm dragons
  4 draconian monks
  A demonspawn warmonger (Depths:2)
  8 frost giants
  6 fire giants
  3 nagarajas
  5 iron dragons
  3 imperial myrmidons (Desolation)
  5 draconian knights
  4 deep elf sorcerers
  A ghost moth (Zot:5)
  A balrug (Depths:1)
  14 vault wardens
  2 draconian scorchers
  5 draconian shifters
  5 draconian stormcallers
  2 ghouls (Swamp:4)
  6 deep elf elementalists
  26 stone giants
  5 draconian annihilators
  2 spriggan defenders
  2 reapers
  2 war gargoyles
  An orc warlord (Vaults:1)
  12 ironbound preservers
  14 very ugly things
  4 ironbound thunderhulks
  3 eleionomae
  8 green draconians
  5 deep elf annihilators
  8 deep elf demonologists
  4 dire elephants (Vaults:4)
  A dire elephant (shapeshifter) (Vaults:5)
  14 red draconians
  An eleionoma (shapeshifter) (Vaults:5)
  5 black draconians
  4 white draconians
  4 spark wasps
  A halazid warlock (Desolation)
  2 vampire knights (Depths:3)
  6 purple draconians
  2 yellow draconians
  6 deep elf death magi
  2 bunyips (Swamp:3)
  Josephine (D:12)
  12 ettins
  A formless jellyfish (Vaults:1)
  4 crystal guardians
  9 fire dragons
  3 jiangshi (Depths:4)
  10 yaktaur captains
  A merfolk impaler (Depths:2)
  4 ragged hierophants (Desolation)
  Harold (D:9)
  6 deep elf high priests
  5 rakshasas
  2 shambling mangroves
  5 servants of whispers (Desolation)
  6 great orbs of eyes
  29 hydras
  4 salamander tyrants
  36 vault guards
  4 entropy weavers
  16 peacekeepers
  15 ice dragons
  2 hell beasts (Depths:3)
  A ghost crab (Swamp:4)
  Erica (Lair:2)
  6 ogre magi
  14 anacondas
  15 centaur warriors
  7 spriggan air magi
  5 catoblepae
  6 ironbound frosthearts
  5 boulder beetles
  A catoblepas (shapeshifter) (Vaults:5)
  9 two-headed ogres
  A spriggan skeleton (Depths:2)
  2 tengu warriors
  13 alligators
  10 deep troll shamans
  A two-headed ogre (shapeshifter) (Elf:2)
  8 deep troll earth magi
  14 naga warriors
  2 vampire magi
  17 dancing weapons
  4 shock serpents
  11 death yaks
  A sun demon (Zot:5)
  10 spriggan berserkers
  18 hell knights
  Urug (D:12)
  12 deep elf knights
  17 naga sharpshooters
  6 salamander mystics
  A skyshark (Lair:5)
  A titan skeleton (Depths:2)
  3 large abominations (D:6)
  The ghost of lunkers the Cleaver, a novice MeWn of Okawaru (D:7)
  10 skeletal warriors (D:15)
  11 iron trolls
  A spark wasp zombie (Depths:2)
  45 deep trolls
  6 goliath frogs
  An orange crystal statue (Depths:3)
  12 deep elf archers
  7 glowing orange brains
  A quicksilver dragon simulacrum (Depths:3)
  15 swamp dragons
  5 bog bodies
  A flayed ghost (Vaults:5)
  3 spriggan druids
  A lindwurm (shapeshifter) (Vaults:5)
  6 naga ritualists
  A golden dragon zombie (Depths:2)
  24 ironbound convokers
  8 orc knights
  9 necromancers
  9 wizards
  Pikel (D:8)
  9 harpies
  6 phantasmal warriors
  9 lindwurms
  37 deep elf pyromancers
  A wolf spider (Vaults:5)
  A tengu zombie (Depths:2)
  7 mana vipers
  25 deep elf zephyrmancers
  A will-o-the-wisp (Swamp:1)
  A stone giant zombie (Vaults:4)
  7 cyclopes
  4 manticores
  55 ugly things
  A faun (shapeshifter) (D:14)
  9 orc sorcerers (Orc:2)
  28 salamanders
  4 moths of wrath
  2 salamanders (shapeshifter)
  18 elephants
  A rust devil (D:15)
  47 slime creatures
  41 black mambas
  19 naga magi
  12 guardian serpents
  19 vault sentinels
  2 molten gargoyles
  2 smoke demons (Depths:1)
  5 cane toads
  A hellion (Depths:2)
  2 ice statues
  26 yaktaurs
  2 freezing wraiths
  An unseen horror (D:12)
  3 tengu conjurers
  3 rime drakes
  7 komodo dragons
  An anaconda simulacrum (IceCv)
  The ghost of porpoise the Chopper, an amateur HOFi (D:4)
  11 trolls
  3 meliai (D:13)
  8 tyrant leeches
  A bloated husk (Swamp:2)
  19 hornets
  A wind drake (shapeshifter) (D:14)
  A tarantella (Vaults:1)
  2 polar bears (Lair:2)
  9 blink frogs
  49 saltlings (Desolation)
  A raiju (shapeshifter) (Vaults:5)
  6 dream sheep (Lair:5)
  A raiju (Lair:2)
  A human simulacrum (Vaults:4)
  2 shadows (D:12)
  2 jumping spiders (Vaults:1)
  A wyvern (D:8)
  3 air elementals
  An ettin skeleton (Vaults:4)
  4 wraiths
  7 water elementals
  17 fire elementals
  A spriggan (shapeshifter) (Vaults:5)
  13 spriggans
  Eustachio (D:6)
  A basilisk (shapeshifter) (D:15)
  A hog (shapeshifter) (D:8)
  2 hogs (Swamp:1)
  51 yaks
  A dire elephant simulacrum (IceCv)
  6 basilisks
  A death yak simulacrum (IceCv)
  A redback (shapeshifter) (Vaults:5)
  2 fire bats (Depths:1)
  A steam dragon (D:9)
  2 redbacks (Vaults:1)
  A neqoxec (D:6)
  16 vampire mosquitoes
  11 swamp worms
  33 nagas
  3 wargs
  An acid dragon (D:8)
  A hydra simulacrum (IceCv)
  9 water moccasins
  A floating eye (Depths:2)
  A floating eye (shapeshifter) (Elf:2)
  23 orc warriors
  A meliai simulacrum (D:14)
  10 swamp drakes
  A black bear (Lair:5)
  4 ice beasts
  A sky beast (D:7)
  15 ogres
  5 boggarts
  5 centaurs
  8 wolves
  A phantom (D:6)
  An elf simulacrum (Vaults:4)
  11 kobold brigands
  7 bullfrogs
  2 necrophages (Swamp:4)
  4 gnoll sergeants
  2 cane toad simulacra (IceCv)
  6 scorpions
  3 earth elementals
  A two-headed ogre simulacrum (IceCv)
  12 wights
  11 killer bees
  8 electric eels
  2 howler monkeys
  3 jellies
  A crimson imp (Orc:1)
  A quasit (D:8)
  9 hounds
  A gnoll bouda (D:7)
  12 orc priests
  7 iguanas
  An iron imp (Orc:1)
  Ijyb (D:5)
  A sleepcap (D:5)
  48 orc wizards
  5 hell rats (Lair:3)
  9 spriggan simulacra
  A polar bear simulacrum (IceCv)
  4 troll simulacra (IceCv)
  4 wolf simulacra (IceCv)
  12 gnolls
  12 adders
  2 hound simulacra (D:4)
  6 naga simulacra (IceCv)
  4 shadow imps
  17 white imps
  4 ufetubi
  3 worms
  3 dart slugs
  4 adder simulacra (D:4)
  97 orcs
  7 endoplasms
  3 giant cockroaches
  6 goblins
  11 hobgoblins
  12 jackals
  4 quokkas
  8 ball pythons
  A bat (D:2)
  3 frilled lizards
  35 kobolds
  5 rats
2156 creatures vanquished.

Vanquished Creatures (collateral kills)
  A tengu reaver (Vaults:4)
  A fire giant (Depths:4)
  2 ugly things (D:15)
4 creatures vanquished.

Vanquished Creatures (others)
  A wizard (Vaults:4)
  A glowing orange brain (Depths:3)
  3 deep elf zephyrmancers
  2 bloated husks
  2 saltlings (Desolation)
  A swamp worm (Swamp:4)
  A naga (Snake:4)
  A glowing shapeshifter skeleton (Depths:2)
  2 orc wizards (Orc:2)
  2 foxfires (Swamp:1)
  12 spectral weapons
28 creatures vanquished.

Grand Total: 2188 creatures vanquished

Notes
Turn   | Place    | Note
-------+----------+-------------------------------------------
     0 | D:1      | ebarrett the Ogre Reaver began the quest for the Orb.
     0 | D:1      | Reached XP level 1. HP: 22/22 MP: 3/3
   273 | D:1      | Reached XP level 2. HP: 29/31 MP: 5/5
   403 | D:1      | Learned a level 2 spell: Momentum Strike
   853 | D:2      | Reached XP level 3. HP: 20/37 MP: 3/6
  1097 | D:2      | Reached skill level 5 in Fighting
  1348 | D:2      | Reached XP level 4. HP: 33/49 MP: 4/7
  1586 | D:2      | Identified the +5 sling of Fooh {flame, rC++ rCorr Str+2
                  | Int-5}
  2015 | D:3      | Found an ornate altar of the Wu Jian Council.
  2023 | D:3      | Became a worshipper of the Wu Jian Council
  2120 | D:3      | Found a broken altar of Ashenzari.
  2171 | D:3      | Reached XP level 5. HP: 61/61 MP: 5/8
  2860 | D:3      | Noticed a kobold brigand
  2896 | D:3      | Killed a kobold brigand
  3206 | D:4      | Reached * piety under Wu Jian
  3207 | D:4      | Reached XP level 6. HP: 47/67 MP: 6/9
  3274 | D:4      | Found a staircase to the Ecumenical Temple.
  4000 | D:4      | Found a runed translucent gate.
  4001 | D:4      | Found a runed translucent gate.
  4001 | D:4      | Found a runed translucent gate.
  4043 | D:4      | Noticed an ice beast
  4043 | D:4      | Noticed an ice beast
  4480 | D:4      | Noticed porpoise's ghost (amateur HOFi)
  4526 | D:5      | Entered Level 5 of the Dungeon
  4563 | D:5      | Reached XP level 7. HP: 76/83 MP: 10/10
  4650 | D:5      | Noticed Ijyb
  4697 | D:5      | Killed Ijyb
  5025 | D:5      | Found a burning altar of Makhleb.
  5027 | D:5      | Found a glowing silver altar of Zin.
  5027 | D:5      | Noticed an angel
  5028 | D:5      | Noticed an Executioner
  5874 | D:5      | Reached skill level 5 in Maces & Flails
  6238 | D:6      | Noticed Eustachio
  6252 | D:6      | Killed Eustachio
  6253 | D:6      | Reached XP level 8. HP: 92/92 MP: 7/11
  6554 | D:6      | Found a stormy altar of Qazlal.
  6588 | D:6      | Found a hide-covered altar of Uskayaw.
  6639 | D:6      | Reached ** piety under Wu Jian
  7945 | D:7      | Noticed an ice statue
  7949 | D:7      | Noticed a green ugly thing
  7952 | D:7      | Noticed a cyclops
  7952 | D:7      | Noticed a boulder beetle
  8167 | D:7      | Reached XP level 9. HP: 78/93 MP: 12/12
  8228 | D:7      | Reached skill level 10 in Fighting
  8237 | D:7      | Noticed lunkers's ghost (novice MeWn)
  8238 | D:7      | Found a transporter.
  8324 | D:7      | Found a transporter.
  9000 | D:8      | Identified the +0 cloak "Pozax" {rF- rC+ MP+9 Stlth+}
  9027 | D:8      | Identified the +5 quarterstaff of the Orcish Mines {freeze,
                  | Str+5 Int-2}
  9500 | D:8      | Reached *** piety under Wu Jian
  9743 | D:8      | Found Coweagunwi's Neck Hole.
  9982 | D:8      | Noticed a troll
 10003 | D:8      | Killed a troll
 10004 | D:8      | Reached XP level 10. HP: 73/119 MP: 10/13
 10242 | D:8      | Noticed a four-headed hydra
 10486 | D:8      | Noticed a centaur warrior
 10511 | D:8      | Killed a centaur warrior
 10512 | D:8      | Reached skill level 15 in Fighting
 10963 | D:8      | Noticed a green ugly thing
 11109 | D:8      | Got the Handbook of Plutonic Superposition
 11342 | D:9      | Found a staircase to the Orcish Mines.
 11573 | D:9      | Noticed Pikel
 11576 | D:8      | Killed Pikel
 11576 | D:8      | Reached skill level 10 in Maces & Flails
 11613 | D:9      | Noticed Harold
 12045 | D:9      | Reached XP level 11. HP: 77/132 MP: 14/14
 12138 | D:9      | Killed Harold
 12139 | D:9      | Reached skill level 1 in Throwing
 12252 | D:9      | Noticed a two-headed ogre
 12270 | D:9      | Killed a two-headed ogre
 12271 | D:9      | Reached skill level 2 in Throwing
 12635 | D:10     | Entered Level 10 of the Dungeon
 13233 | D:10     | Found Zeotygoolu's Magic Scroll Shop.
 13240 | D:10     | Bought a scroll of acquirement for 728 gold pieces
 13240 | D:10     | Acquired the amulet of Vybyol {rF+ rN+ Regen+}
 13269 | D:10     | You fall into a shaft and drop 2 floors!
 13341 | D:11     | Reached **** piety under Wu Jian
 13404 | D:10     | Reached skill level 3 in Throwing
 13524 | D:10     | Found Igacicef's Book Emporium.
 14276 | D:11     | Noticed a two-headed ogre
 14296 | D:11     | Killed a two-headed ogre
 14572 | D:11     | Found Teniudgh's Antique Weapon Shoppe.
 14930 | D:11     | Reached skill level 4 in Throwing
 14938 | D:11     | Found a staircase to the Lair.
 15209 | Lair:1   | Entered Level 1 of the Lair of Beasts
 15261 | Lair:1   | Reached XP level 12. HP: 124/143 MP: 15/15
 15569 | D:8      | Killed a four-headed hydra
 15686 | D:8      | Reached skill level 5 in Throwing
 16344 | Lair:2   | Noticed Erica
 16354 | Lair:2   | Killed Erica
 16522 | Lair:2   | Noticed Sonja
 16529 | Lair:2   | Sonja changed into Sonja the raiju
 16529 | Lair:2   | Noticed Sonja
 16532 | Lair:2   | Killed Sonja the raiju
 16567 | Lair:2   | Noticed Gastronok
 17095 | Lair:2   | Reached skill level 15 in Maces & Flails
 17176 | Lair:2   | Killed Gastronok
 17177 | Lair:2   | Reached skill level 6 in Throwing
 17268 | Lair:3   | Noticed a six-headed hydra
 17280 | Lair:3   | Killed a six-headed hydra
 17355 | Lair:3   | Reached XP level 13. HP: 138/150 MP: 16/16
 17604 | Lair:3   | Found a staircase to the Swamp.
 17746 | Lair:3   | Found a staircase to the Snake Pit.
 17928 | Lair:3   | Reached skill level 7 in Throwing
 18187 | Lair:3   | Found a sacrificial altar of Ru.
 18187 | Lair:3   | You fall into a shaft and drop 2 floors!
 18187 | Lair:5   | Entered Level 5 of the Lair of Beasts
 18208 | Lair:5   | Found a staircase to the Slime Pits.
 18314 | Lair:4   | Reached skill level 8 in Throwing
 18461 | Lair:4   | Reached ***** piety under Wu Jian
 19664 | Lair:5   | Reached XP level 14. HP: 138/159 MP: 17/17
 19827 | Lair:5   | Reached skill level 9 in Throwing
 20252 | Lair:5   | Found a viscous altar of Jiyva.
 20492 | D:10     | Bought a scroll of fear for 56 gold pieces
 20492 | D:10     | Bought a scroll of fear for 56 gold pieces
 20575 | Orc:1    | Entered Level 1 of the Orcish Mines
 20830 | Orc:2    | Entered Level 2 of the Orcish Mines
 21477 | Orc:2    | Found a staircase to the Elven Halls.
 21836 | Orc:2    | Found Ujeobin's Weapon Boutique.
 21837 | Orc:2    | Found Qyqez's Antique Weapon Emporium.
 21875 | Orc:2    | Found Ropeg's Magic Scroll Emporium.
 21875 | Orc:2    | Found Zeinats's Book Boutique.
 21886 | Orc:2    | Reached skill level 1 in Armour
 22013 | Orc:2    | Bought a scroll of teleportation for 48 gold pieces
 22402 | D:10     | Bought a scroll of enchant weapon for 105 gold pieces
 22904 | D:12     | Noticed Urug
 23011 | D:12     | Killed Urug
 23129 | D:12     | Noticed Josephine
 23216 | D:12     | Killed Josephine
 23478 | D:13     | Identified the +3 flail of the Hall of Blades {heavy, rElec
                  | rN++ Dex-5}
 23510 | D:13     | Noticed Frances
 23518 | D:13     | Killed Frances
 23567 | D:13     | Found a frozen archway.
 23579 | IceCv    | Entered an ice cave
 23675 | IceCv    | Reached XP level 15. HP: 142/171 MP: 18/18
 24727 | D:13     | Found a runed translucent door.
 25812 | D:14     | Reached skill level 10 in Throwing
 25836 | D:14     | Reached ****** piety under Wu Jian
 26300 | D:14     | Found a gate to the Vaults.
 26847 | D:4      | Killed porpoise's ghost
 26981 | D:7      | Killed lunkers's ghost
 27927 | Lair:5   | Got the Parchment of Reformation and the Glacier
 28124 | D:15     | Entered Level 15 of the Dungeon
 28202 | D:15     | Reached XP level 16. HP: 112/185 MP: 19/19
 28524 | D:15     | Reached skill level 11 in Throwing
 28610 | D:15     | Identified the +3 chain mail of the Secret Artisans {Will+
                  | Int+2}
 29537 | D:15     | Identified the +2 robe "Peis" {+Blink rC+ Int-2 Dex+3}
 29673 | D:15     | Found a staircase to the Depths.
 29974 | Snake:1  | Entered Level 1 of the Snake Pit
 31397 | Snake:2  | Reached skill level 5 in Armour
 31411 | Snake:2  | Reached XP level 17. HP: 179/193 MP: 20/20
 31972 | Snake:2  | Found Xuma's Specific Store.
 31975 | Snake:2  | Found Pivovooss's General Store.
 32048 | Snake:2  | Reached skill level 12 in Throwing
 32807 | Snake:3  | Found Vebrue Usey's Armour Shoppe.
 32807 | Snake:3  | Found Futrotwu's Magic Scroll Emporium.
 32824 | Snake:3  | Found Paewob's Book Emporium.
 32826 | Snake:3  | Found Oriatuix's Antique Weapon Shoppe.
 32844 | Snake:3  | Bought a scroll of acquirement for 832 gold pieces
 33073 | Snake:3  | Acquired the +3 crown of Dyrovepreva {rElec Int+2 SInv}
 33073 | Snake:3  | Found the +3 crown of Dyrovepreva {rElec Int+2 SInv}
 33270 | Snake:3  | Found a transporter.
 33275 | Snake:3  | Found a bloodstained altar of Trog.
 33286 | Snake:3  | Found the +3 hat of Pondering {ponderous, Will+ MP+10
                  | Int+5}
 33599 | Snake:3  | Found a transporter.
 33628 | Snake:3  | Noticed bmack86's ghost (adept MiFi)
 34106 | Swamp:1  | Entered Level 1 of the Swamp
 34631 | Swamp:1  | Noticed Kirke
 34637 | Swamp:1  | Killed Kirke
 35036 | Swamp:2  | Reached skill level 13 in Throwing
 35277 | Swamp:2  | Reached XP level 18. HP: 64/205 MP: 21/21
 36118 | Swamp:3  | Reached skill level 14 in Throwing
 36444 | Swamp:4  | Entered Level 4 of the Swamp
 36613 | Swamp:4  | Reached skill level 15 in Throwing
 36885 | Swamp:4  | Got a decaying rune of Zot
 37093 | Swamp:4  | Reached skill level 16 in Throwing
 37415 | Swamp:4  | Noticed a tentacled monstrosity
 37419 | Swamp:4  | Killed a tentacled monstrosity
 37705 | Vaults:1 | Entered Level 1 of the Vaults
 38071 | Vaults:1 | Reached skill level 17 in Throwing
 38396 | Vaults:1 | Reached XP level 19. HP: 108/214 MP: 22/22
 38875 | Vaults:1 | Noticed Nikola
 38885 | Vaults:1 | Killed Nikola
 38989 | Vaults:1 | Noticed Zenata
 39064 | Vaults:1 | Reached skill level 18 in Throwing
 39671 | Vaults:2 | Found a staircase to the Crypt.
 39671 | Vaults:2 | Found an ancient bone altar of Kikubaaqudgha.
 39672 | Vaults:2 | Found a basalt altar of Yredelemnul.
 39720 | Vaults:2 | You fall into a shaft and drop 1 floor!
 40174 | Vaults:2 | Reached skill level 19 in Throwing
 40506 | Vaults:2 | Reached skill level 1 in Evocations
 41674 | Vaults:1 | Identified the +9 morningstar "Ultimatum" {antimagic, rElec
                  | rC- Int+3}
 42066 | Vaults:2 | Reached XP level 20. HP: 194/228 MP: 23/23
 42681 | Vaults:3 | Reached skill level 5 in Dodging
 42918 | Vaults:3 | Found a runed translucent door.
 42918 | Vaults:3 | Noticed Ziugimmo's ghost (veteran AtMo)
 43852 | Vaults:4 | Noticed Sojobo
 43984 | Vaults:4 | Found a crumbling gateway.
 44000 | Desolati | Entered the Desolation of Salt
 44089 | Desolati | Found the necklace of Bloodlust {Fury *Rage Will++ Int-3
                  | Slay+6}
 44102 | Desolati | Identified the staff of earth "Momuorru" {rPois rCorr Str+4
                  | Int-5}
 44290 | Desolati | Reached skill level 5 in Evocations
 44541 | Desolati | Identified the ring "Cioh" {Fly rCorr Str+3}
 44642 | Desolati | Identified the +0 helmet of Fun {rPois Str-2 Int+4 Dex+3}
 44798 | Desolati | Reached XP level 21. HP: 220/227 MP: 24/24
 45013 | Desolati | Identified the ring of Scepticism {rF+ rN+ rCorr Int+2}
 45030 | Desolati | Got the Grimoire of the Vector and Permutations
 45069 | Desolati | Found the +3 greatsling "Punk" {acid, rCorr}
 45071 | Desolati | Identified the +0 crystal plate armour "Ceuly" {rF+ rN+
                  | Dex+2}
 45666 | Vaults:4 | Found the +18 shield of the Gong {Loud rN+ Will+ rCorr
                  | EV-5}
 45696 | Vaults:4 | Killed Sojobo
 46529 | Snake:4  | Entered Level 4 of the Snake Pit
 46972 | Snake:4  | Reached skill level 20 in Throwing
 47079 | Snake:4  | Found Oferreos's Assorted Antiques.
 47083 | Snake:4  | Bought a potion of heal wounds for 160 gold pieces
 47083 | Snake:4  | Bought a potion of heal wounds for 160 gold pieces
 48235 | Snake:4  | Got a serpentine rune of Zot
 48660 | Elf:1    | Entered Level 1 of the Elven Halls
 48815 | Elf:1    | Found Urchu's Jewellery Emporium.
 49183 | Elf:1    | Paralysed by an air elemental for 1 turns
 49430 | Elf:2    | Found Zipsaezoel's Antique Armour Boutique.
 49449 | Elf:2    | Reached XP level 22. HP: 209/260 MP: 18/25
 50175 | Elf:2    | Found a runed translucent gate.
 50176 | Elf:2    | Found a runed translucent gate.
 50177 | Elf:2    | Found a runed translucent gate.
 50674 | Depths:1 | Entered Level 1 of the Depths
 50708 | Depths:1 | Found an opulent altar of Gozag.
 51286 | Depths:1 | Found a gateway to Hell.
 51311 | Depths:1 | Found Xuadeof's Book Shoppe.
 51311 | Depths:1 | Found Aromunlouho's Jewellery Boutique.
 51312 | Depths:1 | Found Pomid Yhi's Jewellery Boutique.
 51440 | Depths:1 | Reached skill level 10 in Armour
 51469 | Depths:1 | Found a one-way gateway to a ziggurat.
 51494 | Depths:1 | Found a runed translucent door.
 51497 | Depths:1 | Noticed a juggernaut
 52171 | Depths:2 | Found a one-way gate leading to the halls of Pandemonium.
 52879 | Depths:2 | Noticed a golden dragon
 52884 | Depths:2 | Killed a golden dragon
 53758 | Depths:2 | Identified the +4 flail of Intuition {spect, rElec}
 53989 | Depths:2 | Identified the +8 battleaxe of Absolution {freeze, SInv}
 54230 | Depths:3 | Reached XP level 23. HP: 253/271 MP: 26/26
 54504 | Depths:3 | Identified the +4 flail "Spiderslayer" {freeze, *Noise rF+
                  | rCorr Dex+4}
 54960 | Depths:3 | Noticed a golden dragon
 54967 | Depths:3 | Noticed a caustic shrike
 54974 | Depths:3 | Noticed a golden dragon
 55292 | Depths:3 | Noticed a juggernaut
 55292 | Depths:3 | Noticed a caustic shrike
 55300 | Depths:3 | Killed a caustic shrike
 55309 | Depths:3 | Killed a juggernaut
 55315 | Depths:3 | Killed a caustic shrike
 55317 | Depths:3 | Killed a golden dragon
 55327 | Depths:3 | Killed a golden dragon
 55565 | Depths:3 | Reached skill level 21 in Throwing
 55595 | Depths:3 | Found Jaicw's Weapon Boutique.
 55601 | Depths:3 | Reached skill level 15 in Armour
 55606 | Depths:3 | Noticed Vv
 55607 | Depths:3 | Killed Vv
 55716 | Depths:3 | Got the Exposition on the Coward and Malisons
 55719 | Depths:3 | Identified the staff of fire "Taqael" {rF+ Str+6 Dex+4}
 56029 | Depths:3 | Found a one-way gate to the infinite horrors of the Abyss.
 56306 | Depths:1 | Bought a ring of willpower for 325 gold pieces
 56663 | Elf:3    | Entered Level 3 of the Elven Halls
 57029 | Elf:3    | Paralysed by an air elemental for 1 turns
 57063 | Elf:3    | Found a shimmering blue altar of Sif Muna.
 57505 | Elf:3    | Reached XP level 24. HP: 283/283 MP: 26/26
 57975 | Elf:3    | Identified the ring "Tavof" {Wiz rC+ Will+}
 58086 | Elf:3    | Identified the +8 mace of Gaycs {holy, Fly rN++ Will+
                  | Int-4}
 58090 | Elf:3    | Identified the +0 helmet "Ahaqor" {rElec Will+++ Dex-2
                  | Stlth-}
 59254 | Depths:4 | Entered Level 4 of the Depths
 59262 | Depths:3 | Reached skill level 1 in Shields
 59434 | Depths:3 | Reached skill level 5 in Shields
 59857 | Depths:4 | Found a sacrificial altar of Ru.
 60786 | Depths:4 | Reached skill level 10 in Shields
 61260 | Depths:4 | Found a gate to the Realm of Zot.
 61993 | Depths:4 | Learned a level 1 spell: Apportation
 62251 | Vaults:5 | Entered Level 5 of the Vaults
 62429 | Vaults:5 | Noticed a dread lich
 62434 | Vaults:5 | Killed a dread lich
 62501 | Vaults:5 | Reached skill level 22 in Throwing
 62668 | Vaults:5 | Identified the +6 chain mail of Kiumosch {+Blink rPois rN+
                  | Int-2}
 62712 | Vaults:5 | Reached XP level 25. HP: 292/292 MP: 8/26
 62880 | Vaults:5 | Noticed an ancient lich
 62887 | Vaults:5 | Killed an ancient lich
 63043 | Vaults:5 | Identified the +0 plate armour of Quap {rElec rC- Regen+}
 63395 | Vaults:5 | Got a silver rune of Zot
 63410 | Vaults:5 | Found Gihigef's Magic Scroll Boutique.
 63422 | Vaults:5 | Found Fapheuxou's Distillery.
 63449 | Vaults:5 | Identified the ring "Ytuangixt" {Int+3 Dex+6}
 63483 | Vaults:5 | Found Tonobrudgh's Magic Scroll Shoppe.
 63490 | Vaults:5 | Bought a scroll of acquirement for 884 gold pieces
 63499 | Vaults:5 | Acquired a +7 spectral giant spiked club
 63526 | Vaults:5 | Reached skill level 23 in Throwing
 63705 | Vaults:5 | Identified the +3 orcbow "Eridghiac" {drain, Str+4 Int+2
                  | Dex+3 Stlth+}
 64285 | Vaults:5 | Bought a scroll of enchant weapon for 150 gold pieces
 64285 | Vaults:5 | Bought a scroll of enchant weapon for 150 gold pieces
 64285 | Vaults:5 | Bought 2 scrolls of enchant armour for 300 gold pieces
 64319 | Vaults:5 | Bought a scroll of teleportation for 51 gold pieces
 64319 | Vaults:5 | Bought a scroll of enchant armour for 127 gold pieces
 64319 | Vaults:5 | Bought a scroll of fog for 68 gold pieces
 64319 | Vaults:5 | Bought a scroll of teleportation for 51 gold pieces
 64319 | Vaults:5 | Bought a scroll of brand weapon for 161 gold pieces
 64343 | Vaults:5 | Bought a scroll of fear for 80 gold pieces
 64343 | Vaults:5 | Bought a scroll of teleportation for 60 gold pieces
 64354 | Vaults:5 | Bought a potion of cancellation for 176 gold pieces
 64354 | Vaults:5 | Bought a potion of might for 88 gold pieces
 64354 | Vaults:5 | Bought a potion of heal wounds for 110 gold pieces
 64354 | Vaults:5 | Bought a potion of cancellation for 176 gold pieces
 64354 | Vaults:5 | Bought a potion of cancellation for 176 gold pieces
 64354 | Vaults:5 | Bought a potion of enlightenment for 110 gold pieces
 64446 | Vaults:3 | Killed Ziugimmo's ghost
 64813 | Zot:1    | Entered Level 1 of the Realm of Zot
 65338 | Zot:1    | Reached skill level 24 in Throwing
 65888 | Zot:5    | Entered Level 5 of the Realm of Zot
 66175 | Zot:5    | Reached XP level 26. HP: 304/304 MP: 26/26
 66190 | Zot:5    | Reached skill level 25 in Throwing
 66604 | Zot:5    | Noticed an orb of fire
 66612 | Zot:5    | Killed an orb of fire
 66627 | Zot:5    | Noticed an orb of fire
 66639 | Zot:5    | Killed an orb of fire
 66646 | Zot:5    | Noticed an ancient lich
 66648 | Zot:5    | Noticed a Killer Klown
 66648 | Zot:5    | Noticed a dread lich
 66650 | Zot:5    | Killed an ancient lich
 66650 | Zot:5    | Killed a Killer Klown
 66651 | Zot:5    | Killed a dread lich
 66652 | Zot:5    | Reached skill level 26 in Throwing
 66673 | Zot:5    | Noticed an orb of fire
 66673 | Zot:5    | Gained mutation: Your spells are a little easier to cast,
                  | but a little less powerful. [an orb of fire]
 66676 | Zot:5    | Killed an orb of fire
 66677 | Zot:5    | Noticed a Killer Klown
 66678 | Zot:5    | Noticed a dread lich
 66680 | Zot:5    | Killed a Killer Klown
 66682 | Zot:5    | Noticed an orb of fire
 66682 | Zot:5    | Killed a dread lich
 66687 | Zot:5    | Killed an orb of fire
 66693 | Zot:5    | Got the Orb of Zot
 67115 | D:11     | Noticed Eska the pandemonium lord
 67151 | D:9      | Reached skill level 27 in Throwing
 67337 | D:$      | Escaped with the Orb!

Illustrated notes

Levels and vault maps discovered:
D:1:      dreamdust_arrival_beginning_and_end, layout_basic
D:2:      layout_loops_ring
D:3:      cheibrodos_thug_alley, layout_loops_ring, nicolae_ashenzari_skybound,
          marbit_many_paths
D:4:      layout_loops_ring, minmay_temple_entry_large_hall, gammafunk_ghost_icy
D:5:      layout_layer_cave, grunt_temple_overflow_order_and_chaos_2,
          minmay_quadrilaterals, uniq_ijyb
D:6:      layout_loops_ring, mainiacjoe_overflow_catch_the_wave,
          item_on_display_a, uniq_eustachio
D:7:      layout_gridville, nzn_ghost_randoct,
          minmay_a_box_with_orc_wizards_in_it
D:8:      hangedman_cross_veins, layout_basic, serial_demonic, serial_demonic_e,
          serial_demonic_e, serial_demonic_a, serial_demonic_d,
          nicolae_shop_sticking_my_neck_out
D:9:      layout_loops_ring, kennysheep_orc_monster_closet_entryway, uniq_pikel,
          uniq_harold
D:10:     layout_layer_cave, serial_shops, shop, nicolae_shop_tiny_statue_garden
D:11:     layout_loops_corners, erik_lair_island, serial_shops, kennysheep_mini
D:12:     layout_gridville, hangedman_abyss_or_decor_stabs, uniq_josephine,
          uniq_urug
D:13:     cheibrodos_shockbox, layout_basic, portal_ice_cave_rime, uniq_frances
D:14:     layout_rooms, erik_vaults_2, minivault_19
D:15:     gammafunk_enter_depths_forms, layout_loops_corners,
          minmay_starry_boxes
Lair:1:   layout_small_grid
Lair:2:   layout_misc_corridors, uniq_gastronok, uniq_sonja, uniq_erica
Lair:3:   layout_gridlike, minmay_swamp_entry_swarm,
          minmay_snake_entry_guardpost_small, basic_altar
Lair:4:   layout_long_grid, nicolae_lair_yak_garden
Lair:5:   evilmike_catoblepas_cave, layout_misc_corridors,
          minmay_slime_entry_oklob_open, special_room [special_room_bee],
          kilobyte_rumbling_trees
Swamp:1:  layout_basic_swamp, nicolae_swamp_some_circles, uniq_kirke
Swamp:2:  layout_basic_swamp, evilmike_swamp_ruin_rubble_2, swamp_pool1,
          nicolae_swamp_soggy_hallways
Swamp:3:  layout_basic_swamp, serial_swamp_ruin, evilmike_swamp_ruin_house_4,
          evilmike_swamp_ruin_house_5, hangedman_swamp_ruin_wall
Swamp:4:  swamp, layout_basic_swamp, swamp_pool2,
          nicolae_swamp_feature_on_the_river_bank
Snake:1:  layout_gridlike
Snake:2:  layout_gridlike, nicolae_specific_store, grunt_megastairs_5
Snake:3:  layout_misc_corridors, gammafunk_ghost_wrathful_warriors,
          lemuel_fruit_tree, minmay_shoptagon
Snake:4:  snake_pit_salamanders_mu, layout_rooms, serial_corexii_hall,
          corexii_hall_statues_l, corexii_hall_statues_s,
          corexii_hall_statues_x, chequers_hall_statues_corner_a,
          corexii_hall_statues_deadend, corexii_hall_statues_x, serial_shops,
          shop, special_room
Orc:1:    layout_diamond_mine, hangedman_minor_magic
Orc:2:    st_orc_town, layout_diamond_mine
Elf:1:    eino_elf_arrival_shootout, layout_loops_cross, serial_shops, shop
Elf:2:    elven_hall_of_blades_hangedman_original
          [nicolae_blade_entry_diamond_columns], layout_loops_ring,
          serial_shops, shop, minivault_28
Elf:3:    elf_hall, layout_geoelf_castle, basic_altar
Vaults:1: v_misc_15, nicolae_vaults_little_squares_5, v_misc_23,
          nicolae_vaults_tetromino_L_2, hangedman_vaults_pinch,
          nicolae_vaults_offset_grid_hallway_2, hangedman_vaults_unwind,
          hangedman_vaults_nodes, v_misc_12, nicolae_vaults_enemy_cabinets,
          nicolae_vaults_six-pack, vaults_room_stairs_pillars,
          ontoclasm_vaults_pinch, nicolae_vaults_alarming,
          nicolae_vaults_little_squares_2, layout_vaults_omnicross, uniq_zenata,
          uniq_nikola
Vaults:2: ontoclasm_vaults_water_temple, hangedman_vaults_trim,
          minmay_crypt_entry_necro_gods, v_misc_9, v_misc_30,
          grunt_vaults_diagonal, v_misc_11, v_alt_pattern_1, v_rooms_6,
          nicolae_vaults_more_shelving_1, layout_vaults_quadrants
Vaults:3: hellmonk_ghost_happy_afterlife, hangedman_vaults_nails,
          grunt_vaults_focal, nicolae_vaults_ellipses_ellipsis, v_pattern_4,
          nicolae_vaults_yaktaur_gun_rack, hangedman_vaults_maws,
          nicolae_vaults_trapezoid_3, v_misc_10,
          nicolae_vaults_security_offices_4, nicolae_vaults_big_angled_halls,
          ontoclasm_vaults_decontamination, nicolae_vaults_tetromino_T_1,
          nicolae_vaults_storage_room_water, layout_vaults_omnibox
Vaults:4: portal_desolation_entry_twin_temple, nicolae_vaults_trapezoid_layered,
          hellmonk_guarded_unrand_gong, nicolae_vaults_little_squares_5,
          nicolae_vaults_weapon_check, nicolae_vaults_tangram_1, v_misc_26,
          nicolae_vaults_little_squares_4, ontoclasm_vaults_eye,
          ontoclasm_vaults_ligature, nicolae_vaults_closet_pinwheel_2,
          hangedman_vaults_stretched_pinwheel, layout_vaults_big_room,
          uniq_sojobo
Vaults:5: serial_shops
Depths:1: layout_gridlike, enter_ziggurat_c, hellmouth_1, grunt_gozag_statues,
          grunt_ministairs_9, lightli_gold_pyramid, minmay_shop_grove
Depths:2: nooodl_heptagram, layout_gridlike, serial_sigils,
          serial_sigils_hangedman_confine, serial_sigils_hangedman_writhe,
          serial_sigils_hangedman_shear, pan_entry, hell_entry,
          hangedman_abyss_or_decor_slice
Depths:3: minmay_heptahexagon, layout_cave_pools, serial_shops, shop,
          abyss_entry_small_statue_room, grunt_mini_vestibule,
          minmay_protected_statue, uniq_vv
Depths:4: grunt_zot_entry_gee_three, layout_gridlike, nicolae_ru_awakened_eye,
          hell_entry, nicolae_concentric_dashed_squares_wild,
          serial_bayou_shore_b
Zot:1:    lemuel_firehouse, layout_cathedral_of_symmetry,
          nicolae_rock_paper_scissors
Zot:2:    layout_concentric_octagons
Zot:3:    layout_misc_corridors
Zot:4:    layout_misc_corridors, st_stairs_14, nicolae_transporter_circle,
          uniq_josephina
Zot:5:    layout_gridlike

Skill      XL: |  1  2  3  4  5  6  7  8  9 10 11 12 13 14 15 16 17 18 19 20 21 22 23 24 25 26 |
---------------+-------------------------------------------------------------------------------+-----
Fighting       | 3 4 5 6 8 9 13 15 16 18 20 21 23 24 25 | 25.3
Maces & Flails | 3 6 8 9 10 13 15 17 18 19 21 | 21.9
Throwing       | 4 6 8 9 10 11 13 17 19 20 21 22 24 27 | 27.0
Armour         | 2 5 6 7 9 12 15 16 | 16.2
Evocations     | 2 5 7 |  7.8
Dodging        | 3 6 |  6.4
Shields        | 12 13 | 13.1
Axes           | |  0.4
Spellcasting   | |  2.4
Conjurations   | |  2.6

Action                     |  1- 3 |  4- 6 |  7- 9 | 10-12 | 13-15 | 16-18 | 19-21 | 22-24 | 25-27 || total
---------------------------+-------+-------+-------+-------+-------+-------+-------+-------+-------++-------
  Melee: Mace              |    83 |       |       |       |       |       |       |       |       ||    83
         Quarterstaff      |    20 |   164 |    77 |    44 |       |       |       |       |       ||   305
         Giant club        |       |    19 |    68 |   522 |   616 |       |       |       |       ||  1225
         Trident           |       |    19 |       |       |       |       |       |       |       ||    19
         Dire flail        |       |       |    56 |       |       |       |       |       |       ||    56
         Morningstar       |       |       |    43 |       |       |       |       |       |       ||    43
         Giant spiked club |       |       |       |       |   599 |  1178 |  1514 |  1153 |   326 ||  4770
         Broad axe         |       |       |       |       |    19 |       |       |       |       ||    19
         Demon whip        |       |       |       |       |       |       |       |   529 |    91 ||   620
   Fire: Sling             |       |     7 |    59 |     7 |       |       |       |       |       ||    73
  Throw: Dart              |       |     6 |       |     4 |       |       |       |       |       ||    10
         Boomerang         |       |       |       |    12 |    88 |    23 |       |       |       ||   123
         Large rock        |       |       |       |       |       |   114 |    43 |   216 |   285 ||   658
   Cast: Kiss of Death     |     1 |     2 |     1 |       |       |       |       |       |       ||     4
         Momentum Strike   |     3 |     9 |    23 |     3 |       |       |       |       |       ||    38
 Invoke: Serpent's Lash    |       |       |       |    17 |    12 |    14 |    19 |    30 |     7 ||    99
         Heavenly Storm    |       |       |       |       |     2 |       |     3 |     3 |     1 ||     9
Ability: Lunge             |       |     3 |     5 |    45 |    91 |    95 |   104 |    95 |    35 ||   473
         Whirlwind         |       |       |       |    55 |   302 |   146 |   355 |   647 |   212 ||  1717
         Wall Jump         |       |       |       |       |       |       |     1 |     3 |       ||     4
  Evoke: Wand              |       |       |     5 |    23 |    18 |     1 |       |     7 |     1 ||    55
         Phial of floods   |       |       |       |       |     1 |       |     1 |       |       ||     2
         Box of beasts     |       |       |       |       |     1 |       |     1 |       |       ||     2
         Lightning rod     |       |       |       |       |       |       |       |     4 |       ||     4
    Use: Scroll            |       |     1 |     6 |    17 |    12 |     6 |     8 |    10 |    17 ||    77
         Potion            |       |       |     1 |     3 |     5 |       |     1 |     1 |    10 ||    21
   Stab: Invisible         |       |       |       |     1 |       |       |       |     1 |       ||     2
         Sleeping          |       |       |       |       |     6 |     4 |     1 |     2 |       ||    13
         Distracted        |       |       |       |       |     2 |     3 |       |     1 |     5 ||    11
 Armour: Robe              |    31 |    45 |    44 |       |       |       |       |       |       ||   120
         Troll leather arm |       |       |       |   153 |   241 |   340 |   426 |    32 |       ||  1192
         Ice dragon scales |       |       |       |       |       |       |       |   276 |       ||   276
         Shadow dragon sca |       |       |       |       |       |       |       |   297 |   152 ||   449
  Dodge: Dodged            |    49 |    87 |    87 |   252 |   312 |   323 |   400 |   351 |   132 ||  1993
  Block: Tower shield      |       |       |       |       |     5 |       |       |   129 |    11 ||   145
         Other             |       |       |       |       |       |       |    78 |    44 |       ||   122
         Kite shield       |       |       |       |       |       |       |       |    68 |    15 ||    83

Table legend: (Time is in decaauts)
 A = Elapsed time spent in this place.
 B = Non-inter-level travel time spent in this place.
 C = Inter-level travel time spent in this place.
 D = Time resting spent in this place.
 E = Time spent auto-exploring this place.
 F = Levels seen in this place.
 G = Mean time per level.
                   A        B        C        D        E       F      G
               +--------+--------+--------+--------+--------+-----+--------+
         Total |  66744 |  58932 |   7812 |  10854 |  26829 |  49 | 1362.1 |
       Dungeon |  22974 |  19439 |   3535 |   3637 |   9857 |  15 | 1531.6 |
          Lair |   5923 |   5138 |    785 |    441 |   3037 |   5 | 1184.6 |
         Swamp |   3413 |   3198 |    215 |    398 |   1690 |   4 |  853.2 |
     Snake Pit |   6286 |   5460 |    826 |   1066 |   2167 |   4 | 1571.5 |
  Orcish Mines |   1856 |   1579 |    277 |    107 |    664 |   2 |  928.0 |
   Elven Halls |   3525 |   3324 |    201 |    504 |   1204 |   3 | 1175.0 |
        Vaults |   9791 |   8812 |    979 |   1110 |   3866 |   5 | 1958.2 |
        Depths |   9129 |   8212 |    917 |   2941 |   3184 |   4 | 2282.2 |
           Zot |   1633 |   1560 |     73 |    284 |    395 |   5 |  326.6 |
      Ice Cave |   1023 |   1023 |      0 |    173 |    545 |   1 | 1023.0 |
    Desolation |   1187 |   1187 |      0 |    188 |    220 |   1 | 1187.0 |
               +--------+--------+--------+--------+--------+-----+--------+

Top non-repeatable levels by time:
Depths:2: 3145 daAuts
Vaults:2: 2564 daAuts
Depths:4: 2472 daAuts
     D:8: 2385 daAuts
Vaults:5: 2090 daAuts
Vaults:1: 2053 daAuts
 Snake:2: 2048 daAuts
Depths:3: 2040 daAuts
    D:15: 1963 daAuts
 Snake:4: 1909 daAuts
     D:7: 1785 daAuts
     D:3: 1743 daAuts
     D:5: 1714 daAuts
     D:6: 1702 daAuts
    D:10: 1650 daAuts
